Construct Infanterie Kompanie
Selects Luftwaffe Battlegroup
Infanterie Officer Quarters
Construct Luftwaffe Kompanie
Construct Luftwaffe Kompanie
Selects Reconnaissance Run
Selects Fallschirmjäger Squad Paradrop
Fallschirmjäger Squad Paradrop
Selects Luftwaffe Pioneer Support
Selects LG40 Recoilless Gun Paradrop
Marder III M Tank Destroyer
Marder III M Tank Destroyer
Selects Infantry Reserves
Luftwaffe Officer Quarters
Construct Panzer Kompanie